 Dungeon Crawl Stone Soup version 0.27.1-34-g3ba077fa99 (webtiles) character file.

Game seed: 6072791667075125215

1870 ticklebelly the Chopper (level 8, 0/74 HPs)
             Began as a Minotaur Berserker on Jan 4, 2022.
             Was a Priest of Trog.
             Slain by pkoi's ghost (3 damage)
             ... on level 6 of the Dungeon.
             The game lasted 00:11:23 (6828 turns).

ticklebelly the Chopper (Minotaur Berserker)        Turns: 6828, Time: 00:11:24

Health: 0/74       AC: 11    Str: 25    XL:     8   Next: 90%
Magic:  7/7        EV: 10    Int:  4    God:    Trog [***...]
Gold:   229        SH:  0    Dex:  9    Spells: 7/7 levels left

rFire    . . .     SeeInvis .   v - +1 hand axe (vorpal)
rCold    . . .     Faith    .   (no shield)
rNeg     . . .     Spirit   .   j - +0 chain mail
rPois    .         Reflect  .   (helmet restricted)
rElec    .         Harm     .   (no cloak)
rCorr    .         Rampage  .   (no gloves)
Will     ++...                  f - +0 pair of boots
Stlth    ..........             (no amulet)
HPRegen  1.22/turn              (no ring)
MPRegen  0.10/turn              (no ring)

@: strong-willed, on berserk cooldown, regenerating, slowed, very slow
A: horns 2, retaliatory headbutt
a: Renounce Religion, Berserk, Trog's Hand


You were on level 6 of the Dungeon.
You worshipped Trog.
Trog was most pleased with you.
You visited 1 branch of the dungeon, and saw 6 of its levels.

You collected 229 gold pieces.

Inventory:

Hand Weapons
 v - a +1 vorpal hand axe (weapon)
Missiles
 p - a throwing net (quivered)
Armour
 b - a +0 animal skin
 f - a +0 pair of boots (worn)
 j - a +0 chain mail (worn)
Wands
 r - a wand of polymorph (8)
 u - a wand of flame (11)
Scrolls
 a - 3 scrolls of enchant weapon {unknown}
 c - 6 scrolls of identify {unknown}
 g - 3 scrolls of enchant armour {unknown}
 i - a scroll of vulnerability {unknown}
 l - a scroll of amnesia {unknown}
 n - a scroll of teleportation {unknown}
 s - a scroll of fog {unknown}
 w - a scroll of brand weapon {unknown}
Potions
 d - a potion of cancellation {unknown}
 e - 3 potions of curing {unknown}
 h - a potion of brilliance {unknown}
 k - a potion of haste {unknown}
 m - a potion of mutation {unknown}
 o - 2 potions of might {unknown}
 q - 2 potions of flight {unknown}
 t - a potion of invisibility {unknown}


   Skills:
 + Level 7.8 Fighting
 + Level 7.9 Axes
 + Level 7.2 Armour
 + Level 6.6 Dodging


You had 7 spell levels left.
You didn't know any spells.
Your spell library was empty.

Dungeon Overview and Level Annotations

Branches:
Dungeon (6/15)             Temple (0/1) D:6

Altars:
Hepliaklqana
Sif Muna
Trog
Wu Jian
Beogh

Shops:
D:4 ?

Annotations:
D:6 pkoi's ghost, novice DrMo


Innate Abilities, Weirdness & Mutations

You have a pair of horns on your head.
You reflexively headbutt those who attack you in melee.


Message History

Pkoi's ghost is lightly damaged.
You miss pkoi's ghost.
Pkoi's ghost is lightly damaged.
You hit the orc priest. Pkoi's ghost misses you.
You closely miss pkoi's ghost. Your headbutt misses pkoi's ghost.
Pkoi's ghost is lightly damaged.
You hit the orc priest.
Your skin stops crawling.
You feel less strong-willed.
The orc priest calls down the wrath of Beogh upon you.
You struggle to resist.
You hit pkoi's ghost but do no damage. You headbutt pkoi's ghost!
Pkoi's ghost is lightly damaged.
You hit the orc priest.
You kill the orc priest!
Trog accepts your kill. Pkoi's ghost hits you!
You hit pkoi's ghost.
Pkoi's ghost is moderately damaged.
You are no longer berserk.
You are exhausted.
You feel yourself slow down.
You hit pkoi's ghost but do no damage. You headbutt pkoi's ghost.
Pkoi's ghost is moderately damaged.
You hit the orc.
Pkoi's ghost hits you but does no damage.
The orc hits you but does no damage. Pkoi's ghost hits you!
* * * LOW HITPOINT WARNING * * *
Your chain mail prevents you from hitting pkoi's ghost.
Your headbutt misses pkoi's ghost.
Pkoi's ghost is moderately damaged.
Your chain mail prevents you from hitting the orc.
The orc hits you but does no damage. Pkoi's ghost hits you!
* * * LOW HITPOINT WARNING * * *
Your skin crawls.
You feel strong-willed. The orc misses you. You furiously retaliate!
You headbutt the orc. Pkoi's ghost hits you!
* * * LOW HITPOINT WARNING * * *
The orc hits you but does no damage. Pkoi's ghost hits you.
You die...

.....# ###..###........#..###.#.
.....# ##.....##...####..##.#.
.....# ##.......#### ##.##..#
.....### ##...##......####..##.#
.......# #..#.#..####...........
.....#.####.##...###.........##..
.....#...............###.....##..
.....###....##..##..####.....##..
.....# #.##8....@oo......8.......
.....# #[########Wo'##########.#.
###### #.# #.....o.......# #.##
#.# #....#####....# #... ##.#
#.###.....###.# ##..
#######..###.#8#..8..#8#.# #..
#........#.#.............# #..
#........#.#8....._[)...8# #..
#........#.##### #..


You could see pkoi's ghost and 4 orcs.

Vanquished Creatures
  Menkaure (D:4)
  3 orc warriors
  A sky beast (D:6)
  A black bear (D:5)
  A necrophage (D:5)
  2 ogres
  A centaur (D:6)
  A water moccasin zombie (D:6)
  3 howler monkeys
  A centaur zombie (D:6)
  2 hounds
  A jelly (D:6)
  6 orc priests
  Crazy Yiuf (D:5)
  2 centaur skeletons
  Jessica (D:2)
  An iguana (D:6)
  4 orc wizards
  A hound zombie (D:5)
  4 gnolls (D:5)
  A howler monkey skeleton (D:5)
  10 adders
  2 white imps (D:6)
  An ufetubus (D:4)
  3 worms
  3 dart slugs
  14 orcs
  5 ball pythons
  6 endoplasms
  A giant cockroach (D:2)
  4 goblins
  5 hobgoblins
  4 jackals (D:2)
  6 kobolds
  2 quokkas
  5 bats
  A frilled lizard (D:3)
  A jackal skeleton (D:4)
  6 rats
118 creatures vanquished.

Notes
Turn   | Place    | Note
-------+----------+-------------------------------------------
     0 | D:1      | ticklebelly the Minotaur Berserker began the quest for the
                  | Orb.
     0 | D:1      | Reached XP level 1. HP: 19/19 MP: 0/0
   210 | D:1      | Reached XP level 2. HP: 20/27 MP: 1/1
   648 | D:1      | Found a faded altar of an unknown god.
  1014 | D:2      | Reached XP level 3. HP: 22/33 MP: 2/2
  1363 | D:2      | Found a shimmering blue altar of Sif Muna.
  1431 | D:2      | Reached ** piety under Trog
  1460 | D:2      | Noticed Jessica
  1462 | D:2      | Killed Jessica
  1463 | D:2      | Reached XP level 4. HP: 32/41 MP: 3/3
  2541 | D:3      | Noticed a moth of wrath
  2548 | D:3      | You fall into a shaft and drop 3 floors!
  2658 | D:6      | Reached XP level 5. HP: 32/47 MP: 4/4
  2795 | D:5      | Entered Level 5 of the Dungeon
  2824 | D:5      | Noticed an orc warrior
  2828 | D:5      | Reached skill level 5 in Fighting
  2828 | D:5      | Reached skill level 5 in Axes
  2833 | D:5      | Killed an orc warrior
  2834 | D:5      | Reached XP level 6. HP: 11/56 MP: 5/5
  3525 | D:4      | Reached XP level 7. HP: 62/62 MP: 6/6
  3660 | D:4      | Reached skill level 5 in Armour
  3791 | D:3      | Found a bloodstained altar of Trog.
  3801 | D:3      | Reached *** piety under Trog
  4015 | D:4      | Noticed Menkaure
  4026 | D:4      | Killed Menkaure
  4027 | D:4      | Reached skill level 5 in Dodging
  4288 | D:4      | Found Micseqamna's Magic Scroll Shop.
  4715 | D:5      | Found a hazy altar of Hepliaklqana.
  4895 | D:5      | Reached XP level 8. HP: 70/71 MP: 7/7
  5154 | D:5      | Found a runed translucent door.
  5155 | D:5      | Noticed Crazy Yiuf
  5160 | D:5      | Killed Crazy Yiuf
  5377 | D:5      | Found an ornate altar of the Wu Jian Council.
  6055 | D:6      | Found a runed translucent gate.
  6060 | D:6      | Found a runed translucent gate.
  6062 | D:6      | Found a runed translucent gate.
  6064 | D:6      | Noticed pkoi's ghost (novice DrMo)
  6067 | D:6      | Identified the +1 plate armour of Uwuguwinurph {Regen+
                  | Stlth+}
  6192 | D:6      | Identified the +2 robe "Cahoubeb" {rN+ Will+++ Int-4
                  | Archmagi}
  6203 | D:6      | Found a staircase to the Ecumenical Temple.
  6828 | D:6      | HP: 3/74 [pkoi's ghost (14)]
  6828 | D:6      | Slain by pkoi's ghost

Illustrated notes

Levels and vault maps discovered:
D:1:      shiori_arrival_maze, layout_basic, basic_ecumenical_altar
D:2:      layout_loops_ring, basic_altar, uniq_jessica
D:3:      layout_basic, tgw_trog, fountainhead
D:4:      layout_loops_ring, nicolae_take_the_stairs, minmay_misc_feat_plants,
          minmay_misc_feat_more_columns, uniq_menkaure
D:5:      layout_cave_pods, mainiacjoe_overflow_small_starburst,
          nzn_wu_jian_council_hall, uniq_crazy_yiuf_cottage
D:6:      layout_rooms, minmay_temple_entry_overgrown,
          biasface_ghost_orc_armoury

Skill      XL: |  1  2  3  4  5  6  7  8 |
---------------+-------------------------+-----
Fighting       | 4 5 6 7 |  7.8
Axes           | 4 5 6 7 |  7.9
Armour         | 3 4 5 7 |  7.2
Dodging        | 3 4 5 6 |  6.6

Action                   |  1- 3 |  4- 6 |  7- 9 || total
-------------------------+-------+-------+-------++-------
Melee: Hand axe          |    53 |    81 |   171 ||   305
       Headbutt          |     4 |    13 |    31 ||    48
Invok: Berserk           |       |     3 |     3 ||     6
       Trog's Hand       |       |       |     3 ||     3
Armor: Animal skin       |    12 |     2 |       ||    14
       Chain mail        |       |    31 |    97 ||   128
Dodge: Dodged            |    38 |    28 |    72 ||   138
